 Dungeon Crawl Stone Soup version 0.30-a0-1075-gcd70e7a56d (webtiles) character file.

Game seed: 16195563369747115732

78 kae the Insei (level 4, 0/32 HPs)
             Began as a Demonspawn Transmuter on Apr 14, 2023.
             Slain by a cerulean imp
             ... wielding a +1 spear
             ... summoned by Natasha
              (4 damage)
             ... on level 2 of the Dungeon.
             The game lasted 00:01:26 (2170 turns).

kae the Insei (Demonspawn Transmuter)               Turns: 2170, Time: 00:01:27

Health: 0/32       AC:  2    Str: 10    XL:     4   Next: 15%
Magic:  4/7        EV: 16    Int: 16    God:
Gold:   144        SH:  0    Dex: 19    Spells: 2/8 levels left

rFire   . . .      SeeInvis .      - Unarmed
rCold   . . .      Faith    .    (shield currently unavailable)
rNeg    . . .      Spirit   .    a - melded +0 robe
rPois   x          Reflect  .    (helmet currently unavailable)
rElec   .          Rampage  .    (cloak currently unavailable)
rCorr   .                        (gloves currently unavailable)
Will    .....                    (boots currently unavailable)
Stlth   ++                       (no amulet)
HPRegen 0.25/turn                (no ring)
MPRegen 0.10/turn                (no ring)

@: spider-form, grasped by roots, constricted
A: venomous fangs, tiny, (molten scales 1), powered by death 1
a: End Transformation


You were on level 2 of the Dungeon.
You were a venomous arachnid creature.
You visited 1 branch of the dungeon, and saw 2 of its levels.

You collected 144 gold pieces.


Innate Abilities, Weirdness & Mutations

You are a venomous arachnid creature.
You have venomous fangs.
You are tiny and dextrous.
Your spellcasting is less reliable in this form.
Your armour is entirely melded.
You are incapable of wielding weapons or throwing items.
((You are partially covered in molten scales. (AC +2)))
You regenerate a little health from kills.


   Skills:
 - Level 1.0 Fighting
 - Level 1.7 Dodging
 + Level 3.1 Unarmed Combat
 + Level 2.5 Spellcasting
 * Level 3.0 Transmutations
 * Level 1.2 Poison Magic


You had 2 spell levels left.
You knew the following spells:

 Your Spells              Type           Power      Damage    Failure   Level
a - Beastly Appendage     Tmut           22%        N/A       17%         1
b - Wereblood             Tmut           11%        N/A       22%         2
c - Spider Form           Tmut/Pois      8%         N/A       45%         3

Your spell library contained the following spells:

 Spells                   Type           Power      Damage    Failure   Level
 Poisonous Vapours        Pois/Air       8%         N/A       43%         2
 Mephitic Cloud           Conj/Pois/Air  3%         N/A       67%         3
 Ice Form                 Ice/Tmut       6%         N/A       87%         4
 Freezing Cloud           Conj/Ice/Air   1%         6-21      100%        5

Inventory:

Missiles
 c - 24 stones
 f - 2 poisoned darts
Armour
 a - a +0 robe (melded)
Jewellery
 j - a ring of willpower
   (You found it on level 1 of the Dungeon)
Scrolls
 g - a scroll of enchant armour {unknown}
 i - 2 scrolls of teleportation {unknown}
 l - a scroll of acquirement {unknown}
Potions
 b - a potion of lignification {!q}
 d - a potion of might
 e - a potion of mutation {unknown}
 h - 2 potions of brilliance {unknown}
 k - a potion of berserk rage {unknown}

Dungeon Overview and Level Annotations

Branches:
Dungeon (2/15) Zot: 9832

Altars:

Shops:
D:1 *

Annotations:
D:2 Natasha

*,,,,,****,,,,,,,,,,
*,,,,,##..,,,,******
*****[...,,,,,* *
#...,,,,,,* * #..,,,,,,,*
* ######.#*,,,,,,* *
#......#*,,,,,,* *
#......#***'**** *
#.5hs..# *,* * #..5...#
*,* * ######.# *,* * #.#
*,****** * #.#
*,**,,,**** #.#
*,,'),,',,*
#.#######,,,**,*
##########.......',,,**,*
#..........(.....#,,,**,*


You could see Natasha (extremely poisoned) and 2 cerulean imps.


Message History

You hit the goblin. You claw the goblin.
You kill the goblin! 😕 HP[-1]
You take 1 damage, and now have 29/32 hp.
You now have 144 gold pieces (gained 19).
Things that are here:
a +0 spear; a +0 sling; a goblin corpse Your transformation is almost over.
Your horns disappear.
Your talons disappear.
Things that are here:
a +0 spear; a +0 sling; a goblin corpse
There is a stone staircase leading down here.
Key pressed, stopping explore.
g - a scroll labelled OKORIUL VEGIS 😎 HP[+3] MP[+1]
Your hp is fully restored (32).
Your mp is fully restored (7).
As you open the door, it creaks loudly!
Found a stone staircase leading down.
There is an open door here.
There is a stone staircase leading down here.
You open the door.
There is an open door here.
You open the door.
There is an open door here.
You open the door.
There is an open door here.
You open the door.
There is an open door here.
You see here a +0 rapier.
Key pressed, stopping explore.
There is an open door here.
You see here a +0 whip.
There is an open door here.
Key pressed, stopping explore.
You see here a +0 dagger of electrocution.
There is a stone staircase leading down here.
There is an open door here.
You open the door.
There is an open door here.
Done exploring.
Done exploring.
Done exploring.
Done exploring.
Level map cleared.
You see here a +0 rapier.
Key pressed, stopping explore.
Key pressed, stopping explore.
Unknown command.
There is an open door here.
There is an open door here.
There is an open door here.
There is a stone staircase leading up here.
Key pressed, stopping explore.
There is an open door here.
You see here a +0 whip.
There is an open door here.
Key pressed, stopping explore.
Natasha, Servant of Life and Death comes into view.
She is carrying a wand of roots (11).
Natasha hisses angrily.
Natasha casts a spell.
Casting: Beastly Appendage (safe; 6% risk of failure)
Confirm with . or Enter, or press ? or * to list all spells.
The spell is quite dangerous to miscast (24% risk of failure)!
Continue anyway? [Y]es or [N]o only, please.
The spell is quite dangerous to miscast (24% risk of failure)!
Continue anyway?
You turn into a venomous arachnid creature.
Your +0 robe melds into your body.
Natasha casts a spell at you.
The magic dart hits you. 😕 HP[-3] MP[-3]
You take 3 damage, and now have 29/32 hp.
You lost 3 mp, and now have 4/7 mp.
Unknown command.
Natasha casts a spell.
The cerulean imp misses you.
Natasha zaps a wand.
The roots erupt in riotous growth!
The grasping roots grab you!
The cerulean imp is unaffected.
Natasha is unaffected.
The grasping roots constrict you. The cerulean imp barely misses you.
You hit Natasha. Natasha closely misses you. The grasping roots constrict you.
The cerulean imp hits you from afar with a +0 spear.
* * * LOW HITPOINT WARNING * * *
The cerulean imp closely misses you. 😨 HP[-14]
You take 14 damage, and now have 15/32 hp.
MASSIVE DAMAGE!! (PAUSE)
You hit Natasha.
Natasha is poisoned.
Natasha misses you. The grasping roots constrict you.
* * * LOW HITPOINT WARNING * * *
The cerulean imp misses you.
The cerulean imp closely misses you. 😨 HP[-4]
You take 4 damage, and now have 11/32 hp.
You hit Natasha.
Natasha looks as sick as possible!
Natasha misses you. The grasping roots constrict you!
* * * LOW HITPOINT WARNING * * *
The cerulean imp misses you.
The cerulean imp hits you with a +1 spear.
You die...

Skill      XL: |  1  2  3  4 |
---------------+-------------+-----
Transmutations | 2 3 |  3.0
Unarmed Combat | 3 |  3.1
Poison Magic   | 1 |  1.2
Fighting       | |  1.0
Dodging        | |  1.7
Spellcasting   | |  2.5

Action                     |  1- 3 |  4- 6 || total
---------------------------+-------+-------++-------
  Melee: Unarmed           |   103 |    13 ||   116
         Kick              |    21 |     1 ||    22
         Headbutt          |     6 |       ||     6
   Cast: Beastly Appendage |    17 |     3 ||    20
         Spider Form       |     1 |     1 ||     2
    Use: Scroll            |     2 |       ||     2
 Armour: Robe              |    35 |     1 ||    36
         Skin              |     2 |       ||     2
  Dodge: Dodged            |    97 |    24 ||   121

Levels and vault maps discovered:
D:1:      tarquinn_simple_flora_water_c, layout_loops_ring, serial_shops, shop,
          minmay_split_cup_large
D:2:      layout_basic, uniq_natasha

Notes
Turn   | Place    | Note
-------+----------+-------------------------------------------
     0 | D:1      | kae the Demonspawn Transmuter began the quest for the Orb.
     0 | D:1      | Reached XP level 1. HP: 15/15 MP: 3/3
     0 | D:1      | magus.rc [v1.11.3]
    12 | D:1      | Found Epuorexa's General Store.
    17 | D:1      | You pick up a book of Vapours and begin reading...
    17 | D:1      | You add the spells Poisonous Vapours, Mephitic Cloud and
                  | Freezing Cloud to your library.
    71 | D:1      | Reached skill level 2 in Transmutations
   147 | D:1      | Gained mutation: You are partially covered in molten
                  | scales. (AC +2) [demonic ancestry]
   147 | D:1      | Reached XP level 2. HP: 21/21 MP: 3/5
   465 | D:1      | You fall into a shaft and drop 1 floor!
   514 | D:2      | HP: 5/21 [poisoned by an adder]
   515 | D:2      | Reached skill level 3 in Unarmed Combat
   609 | D:2      | Gained mutation: You regenerate a little health from kills.
                  | [demonic ancestry]
   609 | D:2      | Reached XP level 3. HP: 19/26 MP: 6/6
   615 | D:2      | Learned a level 2 spell: Wereblood
   619 | D:2      | Learned a level 3 spell: Spider Form
  1155 | D:2      | Noticed Natasha
  1166 | D:2      | Killed Natasha
  1167 | D:2      | Reached skill level 1 in Poison Magic
  1167 | D:2      | Reached XP level 4. HP: 15/32 MP: 3/7
  1360 | D:2      | Reached skill level 3 in Transmutations
  2164 | D:2      | Noticed Natasha
  2170 | D:2      | HP: 4/32 [constriction (7)]
  2170 | D:2      | Slain by a cerulean imp

Vanquished Creatures
  Natasha (D:2)
  An adder (D:2)
  A worm (D:2)
  2 endoplasms (D:1)
  7 goblins
  3 hobgoblins
  3 jackals (D:2)
  2 quokkas (D:1)
  6 ball pythons
  4 bats (D:1)
  A frilled lizard (D:1)
  6 kobolds
  4 rats
41 creatures vanquished.

Table legend:
 A = Non-vault XP
 B = Vault XP
 C = Vault XP percentage of total XP
 D = Non-vault monster count
 E = Vault monster count
 F = Vault count percentage of total count
                 A         B        C        D         E       F
            +---------+---------+-------+---------+---------+-------
      Total |      71 |      41 |  36.6 |      36 |       5 |  12.2
            +---------+---------+-------+---------+---------+-------
        D:1 |      31 |       6 |  16.2 |      21 |       4 |  16.0
        D:2 |      40 |      35 |  46.7 |      15 |       1 |   6.2
            +---------+---------+-------+---------+---------+-------

Illustrated notes

Table legend:
 A = Kills in this place as a percentage of kills in the entire game.
 B = Kills by you in this place as a percentage of kills by you in the entire game.
 C = Kills by friends in this place as a percentage of kills by friends in the entire game.
 D = Other kills in this place as a percentage of other kills in the entire game.
 E = Experience gained in this place as a percentage of experience gained in the entire game.
 F = Experience gained in this place divided by the number of levels of this place that you have seen.
                   A       B       C       D       E      F
               +-------+-------+-------+-------+-------+----------------------
         Total | 100.0 | 100.0 |   N/A |   N/A | 100.0 |  56.0
       Dungeon | 100.0 | 100.0 |   N/A |   N/A | 100.0 |  56.0
               +-------+-------+-------+-------+-------+----------------------

Table legend: (Time is in decaauts)
 A = Elapsed time spent in this place.
 B = Non-inter-level travel time spent in this place.
 C = Inter-level travel time spent in this place.
 D = Time resting spent in this place.
 E = Time spent auto-exploring this place.
 F = Levels seen in this place.
 G = Mean time per level.
                   A        B        C        D        E       F      G
               +--------+--------+--------+--------+--------+-----+--------+
         Total |   2166 |   2112 |     54 |     77 |   1724 |   2 | 1083.0 |
       Dungeon |   2166 |   2112 |     54 |     77 |   1724 |   2 | 1083.0 |
               +--------+--------+--------+--------+--------+-----+--------+

Top non-repeatable levels by time:
     D:2: 1394 daAuts
     D:1: 772 daAuts
